Workbook

Sheet Leyenda
A1: PROGRAMA FSE+ | B1: PROGRAMA | C1: PERÍODO DE PROGRAMACIÓN | D1: OBSERVACIONES
A2: Observaciones Generales | D2: · Cumplimentar únicamente celdas en amarillo. · Se contempla la ejecución desde 1 de enero de 2025 en todos los programas. · IMPORTANTE: Introducir la CCAA en pestaña "Resumen" para que se reflejen los importes asociados a las orientaciones
A3: Empleo Juvenil | B3: Talento Joven | C3: 2021-2027 | D3: · Para el presente ejercicio se mantiene una estructura de tramos equivalente a la actual, sin perjuicio de posibles modificaciones a implementar · La proporción de los indicadores a realizar por cada tramo se verá sujeta en todo caso a valoración por parte de CCE, como en anteriores anualidades
B4: Ferias Talento Joven | C4: 2021-2027 | D4: · Ferias formuladas en base a "proyecto de presupuesto". · Se reflejan distintos tipos de Feria en función del alcance de público asistente. Nueva Feria de 80.000 para 200 beneficiarios · Máximo de seis ferias por anualidad.
B5: Talento Joven Movilidad | C5: 2021-2027 | D5: · Modificación en la estructura de costes, que queda dividida en: · Gabinete (Coste/Hora dedicación *+15% Costes Indirectos) · Gastos Directos Movilidad (Ayudas + Seguros Individuales + 7% Costes Indirectos) · Formación según Reglamento Delegado limitada a un número de indicadores máximo (x2 sobre las movilidades firmadas en DECA).

Sheet RESUMEN
A1: PROGRAMAS ÁREA EFE 2025 | C1: Introducir CCAA --->
B2: Programa | C2: Coste Total | D2: Ayuda FSE | E2: CCT
A3: Empleo Juvenil | B3: Talento Joven | C3: =Talento_Joven!B3 -> 0 | D3: =Talento_Joven!C3 -> 0 | E3: =Talento_Joven!D3 -> 0
B4: Ferias Talento Joven | C4: =Ferias_Talento_Joven!E7 -> 0 | D4: =Ferias_Talento_Joven!F7 -> 0 | E4: =Ferias_Talento_Joven!G7 -> 0
B5: Talento Joven Movilidad | C5: =Talento_Joven_Movilidad!C3 -> 0 | D5: =Talento_Joven_Movilidad!D3 -> 0 | E5: =Talento_Joven_Movilidad!E3 -> 0
A6: Total Empleo Juvenil 2025 | C6: =SUM(C3:C5) -> 0 | D6: =SUM(D3:D5) -> 0 | E6: =SUM(E3:E5) -> 0

Sheet Hoja1
A1: Andalucía | B1: 2496.9
A2: Aragón | B2: 2812.6
A3: Asturias | B3: 2812.6
A4: Canarias | B4: 2611.7
A5: Cantabria | B5: 2755.2
A6: Castilla_La_Mancha | B6: 2525.6
A7: Castilla_y_León | B7: 2611.7
A8: Cataluña | B8: 3128.3
A9: Ceuta | B9: 3070.9
A10: Comunidad_Valenciana | B10: 2611.7
A11: Extremadura | B11: 2410.8
A12: Galicia | B12: 2525.6
... A18: País_Vasco | B18: 3357.9

Sheet Talento_Joven
A1: 2025 | B1: Talento Joven
B2: Coste Total | C2: FSE (69'64%) | D2: CCI (30'36%)
A3: Presupuesto Total | B3: =E19 -> 0 | C3: =F19 -> 0 | D3: =B3-C3 -> 0
A4: Tramo | B4: Fase | C4: Coste Tramo | D4: Indicadores | E4: Coste Total | F4: FSE (69'64%) | G4: CCI (30'36%)
A5: Tramo 0 | B5: Atención Inicial e Inscripción | C5: 47.39 | E5: =IFERROR(+C5*D5,"---") -> 0 | F5: =+E5*69.64% -> 0 | G5: =+E5-F5 -> 0
A6: Tramo 1 | B6: Orientación Vocacional | C6: 189.54 | E6: =IFERROR(+C6*D6,"---") -> 0 | F6: =+E6*69.64% -> 0 | G6: =+E6-F6 -> 0
A7: Tramo 2 - Formación Competencias | B7: Formación 30 horas | C7: =IFERROR(VLOOKUP(RESUMEN!$D$1,Hoja1!$A$1:$B$18,2,FALSE),0) -> 0 | E7: =IFERROR(+C7*D7,"---") -> 0 | F7: =+E7*69.64% -> 0 | G7: =+E7-F7 -> 0
B8: Formación 60 horas | C8: =IFERROR(VLOOKUP(RESUMEN!$D$1,Hoja1!$A$1:$B$18,2,FALSE),0) -> 0 | E8: =IFERROR(+C8*D8,"---") -> 0 | F8: =+E8*69.64% -> 0 | G8: =+E8-F8 -> 0
B9: Formación 90 horas | C9: =IFERROR(VLOOKUP(RESUMEN!$D$1,Hoja1!$A$1:$B$18,2,FALSE),0) -> 0 | E9: =IFERROR(+C9*D9,"---") -> 0 | F9: =+E9*69.64% -> 0 | G9: =+E9-F9 -> 0
A10: Promedio Troncal | B10: Formación 120 horas | C10: =IFERROR(VLOOKUP(RESUMEN!$D$1,Hoja1!$A$1:$B$18,2,FALSE),0) -> 0 | E10: =IFERROR(+C10*D10,"---") -> 0 | F10: =+E10*69.64% -> 0 | G10: =+E10-F10 -> 0
A11: =((D7*30)+(D8*60)+(D9*90)+(D10*120)+(D11*150))/(SUM(D7:D11)) -> #DIV/0! | B11: Formación 150 horas | C11: =IFERROR(VLOOKUP(RESUMEN!$D$1,Hoja1!$A$1:$B$18,2,FALSE),0) -> 0 | E11: =IFERROR(+C11*D11,"---") -> 0 | F11: =+E11*69.64% -> 0 | G11: =+E11-F11 -> 0
A12: Tramo 3 - Formación Necesidades Empresas | B12: Formación 30 horas | C12: =IFERROR(VLOOKUP(RESUMEN!$D$1,Hoja1!$A$1:$B$18,2,FALSE),0) -> 0 | E12: =IFERROR(+C12*D12,"---") -> 0 | F12: =+E12*69.64% -> 0 | G12: =+E12-F12 -> 0
B13: Formación 60 horas | C13: =IFERROR(VLOOKUP(RESUMEN!$D$1,Hoja1!$A$1:$B$18,2,FALSE),0) -> 0 | E13: =IFERROR(+C13*D13,"---") -> 0 | F13: =+E13*69.64% -> 0 | G13: =+E13-F13 -> 0
B14: Formación 90 horas | C14: =IFERROR(VLOOKUP(RESUMEN!$D$1,Hoja1!$A$1:$B$18,2,FALSE),0) -> 0 | E14: =IFERROR(+C14*D14,"---") -> 0 | F14: =+E14*69.64% -> 0 | G14: =+E14-F14 -> 0
A15: Promedio Específica | B15: Formación 120 horas | C15: =IFERROR(VLOOKUP(RESUMEN!$D$1,Hoja1!$A$1:$B$18,2,FALSE),0) -> 0 | E15: =IFERROR(+C15*D15,"---") -> 0 | F15: =+E15*69.64% -> 0 | G15: =+E15-F15 -> 0
A16: =((D12*30)+(D13*60)+(D14*90)+(D15*120)+(D16*150))/(SUM(D12:D16)) -> #DIV/0! | B16: Formación 150 horas | C16: =IFERROR(VLOOKUP(RESUMEN!$D$1,Hoja1!$A$1:$B$18,2,FALSE),0) -> 0 | E16: =IFERROR(+C16*D16,"---") -> 0 | F16: =+E16*69.64% -> 0 | G16: =+E16-F16 -> 0
A17: Tramo 4 | B17: Acompañamiento | C17: 205.34 | E17: =IFERROR(+C17*D17,"---") -> 0 | F17: =+E17*69.64% -> 0 | G17: =+E17-F17 -> 0
A18: Tramo 5 | B18: Ayuda por contratación (mínimo 6 meses) | C18: 5000 | E18: =C18*D18 -> 0 | F18: =+E18*69.64% -> 0 | G18: =+E18-F18 -> 0
A19: Total Presupuesto Talento Joven 2025 | D19: =SUM(D5:D18) -> 0 | E19: =SUM(E5:E18) -> 0 | F19: =SUM(F5:F18) -> 0 | G19: =SUM(G5:G18) -> 0

Sheet Ferias_Talento_Joven
A1: Tipo de Feria | B1: Presupuesto por Tipo de Feria | C1: Nº Beneficiarios SNGJ por Tipo de Feria | D1: Insertar Nº de Ferias según tipo (máximo 6) | E1: FERIAS TALENTO JOVEN 2024
E2: Coste Total | F2: FSE (69,64%) | G2: CCI (30'36%)
A3: Feria Talento Joven – Tipo A | B3: 80000 | C3: 200 | E3: =B3*D3 -> 0 | F3: =E3*0.6964 -> 0 | G3: =E3-F3 -> 0
A4: Feria Talento Joven – Tipo B | B4: 60000 | C4: 150 | E4: =B4*D4 -> 0 | F4: =E4*0.6964 -> 0 | G4: =E4-F4 -> 0
A5: Feria Talento Joven – Tipo C | B5: 40000 | C5: 100 | E5: =B5*D5 -> 0 | F5: =E5*0.6964 -> 0 | G5: =E5-F5 -> 0
A6: Feria Talento Joven – Tipo D | B6: 20000 | C6: 50 | E6: =B6*D6 -> 0 | F6: =E6*0.6964 -> 0 | G6: =E6-F6 -> 0
A7: TOTAL | D7: =SUM(D3:D6) -> 0 | E7: =SUM(E3:E6) -> 0 | F7: =SUM(F3:F6) -> 0 | G7: =SUM(G3:G6) -> 0
D8: Nº máximo de Ferias Talento Joven = 6

Sheet Talento_Joven_Movilidad
A1: 2025 | C1: TALENTO JOVEN MOVILIDAD | F1: =COUNTA(C6:C8) -> 0
C2: Coste Total | D2: FSE (69'64%) | E2: CCI (30'36%) | F2: =IF(F1>1, "Ojo, seleccionado + de un gabinete","")
A3: Presupuesto Total Talento Joven Movilidad 2025 | C3: =E9+E21+E29 -> 0 | D3: =C3*0.6964 -> 0 | E3: =C3-D3 -> 0
A5: GABINETE (Horas Efectivas de Personal + 15 %) | B5: Tipo de Gabinete | C5: Seleccionar Tipo Gabinete con una X | D5: Indicadores a Gestionar | E5: Coste Total | F5: FSE (69'64%) | G5: CCI (30'36%)
B6: Gabinete 1 | D6: 80 | E6: =E7*2 -> 108669.6 | F6: =+E6*69.64% -> 75677.509 | G6: =+E6-F6 -> 32992.091
B7: Gabinete 2 | D7: 40-79 | E7: =1720*(ROUND((27.47*1.15),2)) -> 54334.8 | F7: =+E7*69.64% -> 37838.755 | G7: =+E7-F7 -> 16496.045
B8: Gabinete 3 | D8: 20-39 | E8: =E7*0.5 -> 27167.4 | F8: =+E8*69.64% -> 18919.377 | G8: =+E8-F8 -> 8248.0226
B9: Presupuesto Gabinete Talento Joven Movilidad 2025 | E9: =IF(C6="x",+E6,IF(C7="x",+E7,IF(C8="x",+E8,0))) -> 0 | F9: =E9*0.6964 -> 0 | G9: =E9-F9 -> 0
A11: GASTOS MOVILIDADES (Gasto Directo Movilidades + Gasto Directo Seguros Individuales + 7% Costes Indirectos) | B11: Tipo Movilidades | C11: Importe Máx. | D11: Insertar Nº Movilidades | E11: Coste Total | F11: FSE (69'64%) | G11: CCI (30'36%)
B12: 3 Meses | C12: 3000 | E12: =D12*C12 -> 0 | F12: =+E12*69.64% -> 0 | G12: =+E12-F12 -> 0
B13: 6 Meses | C13: 6000 | E13: =D13*C13 -> 0 | F13: =+E13*69.64% -> 0 | G13: =+E13-F13 -> 0
B14: Contratos | C14: 820 | E14: =D14*C14 -> 0 | F14: =+E14*69.64% -> 0 | G14: =+E14-F14 -> 0
B15: Total Presupuesto Movilidades 2025 (ajustar nº movilidades a tipo de gabinete) | D15: =SUM(D12:D14) -> 0 | E15: =SUM(E12:E14) -> 0 | F15: =E15*0.6964 -> 0 | G15: =E15-F15 -> 0
E17: Coste Total | F17: FSE (69'64%) | G17: CCI (30'36%)
D18: Insertar Presupuesto Seguros 2025 | F18: =+E18*69.64% -> 0 | G18: =+E18-F18 -> 0
D19: Costes Indirectos (7 % de los costes directos subvencionables%) | E19: =SUM(E18+E15)*0.07 -> 0 | F19: =+E19*69.64% -> 0 | G19: =+E19-F19 -> 0
E20: Coste Total | F20: FSE (69'64%) | G20: CCI (30'36%)
D21: Total Gastos Movilidades 2025 | E21: =SUM(E15+E18+E19) -> 0 | F21: =E21*0.6964 -> 0 | G21: =E21-F21 -> 0
A23: FORMACIÓN (Reglamento Delegado (UE) 2023/1676) | B23: Nº Horas | C23: Importe | D23: Indicadores | E23: Coste Total | F23: FSE (69'64%) | G23: CCI (30'36%)
B24: Formación 30 horas | C24: =IFERROR(VLOOKUP(RESUMEN!$D$1,Hoja1!$A$1:$B$18,2,FALSE),0) -> 0 | E24: =C24*D24 -> 0 | F24: =E24*0.6964 -> 0 | G24: =E24-F24 -> 0
B25: Formación 60 horas | C25: =IFERROR(VLOOKUP(RESUMEN!$D$1,Hoja1!$A$1:$B$18,2,FALSE),0) -> 0 | E25: =C25*D25 -> 0 | F25: =E25*0.6964 -> 0 | G25: =E25-F25 -> 0
B26: Formación 90 horas | C26: =IFERROR(VLOOKUP(RESUMEN!$D$1,Hoja1!$A$1:$B$18,2,FALSE),0) -> 0 | E26: =C26*D26 -> 0 | F26: =E26*0.6964 -> 0 | G26: =E26-F26 -> 0
B27: Formación 120 horas | C27: =IFERROR(VLOOKUP(RESUMEN!$D$1,Hoja1!$A$1:$B$18,2,FALSE),0) -> 0 | E27: =C27*D27 -> 0 | F27: =E27*0.6964 -> 0 | G27: =E27-F27 -> 0
B28: Formación 150 horas | C28: =IFERROR(VLOOKUP(RESUMEN!$D$1,Hoja1!$A$1:$B$18,2,FALSE),0) -> 0 | E28: =C28*D28 -> 0 | F28: =E28*0.6964 -> 0 | G28: =E28-F28 -> 0
C29: Total Presupuesto Formación 2025 | D29: =SUM(D24:D28) -> 0 | E29: =SUM(E24:E28) -> 0 | F29: =SUM(F24:F28) -> 0 | G29: =SUM(G24:G28) -> 0
D30: *El nº de Indicadores de Formación no podrá superar el doble del nº total de movilidades
